 Dungeon Crawl Stone Soup version 0.26.1-11-gd32895ea62 (webtiles) character file.

Game seed: 5995911684505381374

4704 MisterFreud the Nimble (level 10, 0/49 HPs)
             Began as a Felid Berserker on May 21, 2021.
             Was a High Priest of Trog.
             Slain by a troll (16 damage)
             ... on level 11 of the Dungeon.
             The game lasted 00:18:39 (13296 turns).

MisterFreud the Nimble (Felid Berserker)           Turns: 13296, Time: 00:18:40

Health: 0/49       AC:  2    Str: 13    XL:     10   Next: 21%
Magic:  11/11      EV: 36    Int:  8    God:    Trog [*****.]
Gold:   563        SH:  0    Dex: 26    Spells: 9/9 levels left
                                        Lives:  0   Deaths: 2

rFire    . . .     SeeInvis +     - Unarmed
rCold    . . .     Faith    .   (shield unavailable)
rNeg     . . .     Spirit   .   (armour unavailable)
rPois    .         Reflect  .   (helmet unavailable)
rElec    .         Harm     .   (cloak unavailable)
rCorr    .         Rampage  .   (gloves unavailable)
Will     +....                  (boots unavailable)
Stlth    +++++.....             (no amulet)
HPRegen  0.16/turn              c - +4 ring of evasion
MPRegen  0.12/turn              b - +6 ring of dexterity

@: berserk cooldown, slowed, slow
A: very small, no armour, no weapons or thrown items, stealth, claws 1, fangs 3,
see invisible, speed 1, shaggy fur 2, sharp paws
a: Renounce Religion, Berserk, Trog's Hand, Brothers in Arms


You were on level 11 of the Dungeon.
You worshipped Trog.
Trog was extremely pleased with you.
You visited 1 branch of the dungeon, and saw 11 of its levels.
You also visited: Sewer.

You collected 617 gold pieces.
You spent 54 gold pieces at shops.

Inventory:

Jewellery
 b - a +6 ring of dexterity (right paw)
 c - a +4 ring of evasion (left paw)
Wands
 l - a wand of digging (6)
 t - a wand of iceblast (26)
 y - a wand of disintegration (2)
 A - a wand of paralysis (17)
 B - a wand of polymorph (12)
Scrolls
 d - 6 scrolls of remove curse
 e - 2 scrolls of vulnerability {unknown}
 g - 6 scrolls of magic mapping {unknown}
 h - 2 scrolls of random uselessness {unknown}
 i - 7 scrolls of immolation
 k - 4 scrolls of teleportation {unknown}
 p - 2 scrolls of enchant armour {unknown}
 r - a scroll of silence {unknown}
 u - 2 scrolls of noise {unknown}
 v - a scroll of fear {unknown}
 C - a scroll of identify
Potions
 f - 2 potions of curing
 j - a potion of degeneration
 m - 4 potions of lignification
 n - 2 potions of mutation
 o - a potion of attraction
 q - 4 potions of heal wounds {unknown}
 s - 2 potions of haste
 w - a potion of magic
 x - 2 potions of might
 z - a potion of flight
Miscellaneous
 a - a condenser vane


   Skills:
 + Level 8.5 Fighting
 + Level 12.3 Dodging
 - Level 10.0 Stealth
 - Level 10.0 Unarmed Combat
 + Level 8.2 Evocations


You had 9 spell levels left.
You didn't know any spells.
Your spell library was empty.

Dungeon Overview and Level Annotations

Branches:
Dungeon (11/15)            Temple (0/1) D:5            Lair (0/6) D:8
    Orc (0/2) D:11          Sewer (visited)

Altars:
Gozag
Kikubaaqudgha
Makhleb
Sif Muna
Vehumet
Zin

Shops:
D:10 *

Portals:
Trove: D:11 (give 12 potions of heal wounds)

Annotations:
D:7 2 transporters, Arcadio's ghost, novice TrAM


Innate Abilities, Weirdness & Mutations

You cannot wear armour.
You are incapable of wielding weapons or throwing items.
Your paws allow you to move quietly. (Stealth)
You have sharp claws.
You have razor-sharp teeth.
You have supernaturally acute eyesight. (SInv)
You cover ground quickly.
You are covered in thick fur. (AC +2)
Your sharp claws are effective at attacking unaware monsters.


Message History

You claw the troll! You claw the troll.
The troll is severely wounded.
The troll completely misses you. x3; The adder completely misses you.
The troll misses you. x2; The troll completely misses you.
You barely miss the troll. Your bite misses the troll.
The troll is severely wounded.
The adder barely misses you. The troll completely misses you.
The troll claws you! The troll misses you.
You barely miss the troll. Your bite misses the troll.
The troll is severely wounded.
The adder completely misses you. The troll completely misses you. x3
The adder completely misses you.
You closely miss the troll. Your bite misses the troll.
The troll is heavily wounded.
The adder completely misses you. The troll misses you.
The troll completely misses you. The troll misses you.
You claw the troll!
The troll is severely wounded.
The adder completely misses you. The troll bites you!
You die...

#...>....#...# #..#
#.......)....y #..#
#..<.....#y..######..#
#.#......... ........###
#.#......## ...........
#.#.....## #######.###
#.##....# #.# #.###.#T#
##### #.# #.#
#.#@####...#####.# #.#
#.#S#.##.#.......###
#.###.†))#...#..........
#...(..†....####..######
######.......#...(#
##.#.##.#..∩.#
#.#.##......#
#.#.###...### ###.#.#
###.#


You could see a troll and an adder.

Vanquished Creatures
  A hydra (D:11)
  2 two-headed ogres
  The ghost of ZZKoverts the Thaumaturge, a novice DECj of Vehumet (D:9)
  A deep elf mage (D:10)
  A centaur zombie (D:10)
  Joseph (D:8)
  A gargoyle (D:10)
  Psyche (D:10)
  A komodo dragon (D:10)
  2 trolls
  Prince Ribbit (D:9)
  A shadow (D:11)
  3 orc warriors
  4 ice beasts
  A black bear (D:5)
  4 ogres
  A phantom (D:7)
  A sky beast (D:10)
  A necrophage (D:8)
  5 centaurs
  5 wolves (D:8)
  A big kobold (D:10)
  A gnoll sergeant (D:6)
  4 bullfrogs
  A wyvern skeleton (D:7)
  A scorpion (D:4)
  9 wights
  22 killer bees
  6 electric eels (D:8)
  5 howler monkeys
  A crimson imp (D:6)
  A bullfrog zombie (D:10)
  2 quasits
  12 hounds
  3 jellies
  3 orc priests
  3 centaur skeletons
  5 orc wizards
  3 bullfrog skeletons
  5 iguanas
  Terence (D:2)
  4 worker ants
  Robin (D:2)
  7 gnolls
  18 adders
  A river rat (D:6)
  3 shadow imps
  2 white imps
  2 oozes
  An adder zombie (D:9)
  2 adder skeletons
  4 worms
  4 dart slugs (D:2)
  An adder simulacrum (D:9)
  6 leopard geckos
  38 orcs
  10 giant cockroaches
  14 goblins
  7 hobgoblins
  21 jackals
  23 kobolds
  3 quokkas
  4 ball pythons
  7 bats
  5 frilled lizards
  A jackal skeleton (D:7)
  A quokka skeleton (D:6)
  9 rats
327 creatures vanquished.

Vanquished Creatures (collateral kills)
  A hydra (D:9)
1 creature vanquished.

Grand Total: 328 creatures vanquished

Notes
Turn   | Place    | Note
-------+----------+-------------------------------------------
     0 | D:1      | MisterFreud the Felid Berserker began the quest for the
                  | Orb.
     0 | D:1      | Reached XP level 1. HP: 10/10 MP: 2/2
   140 | D:1      | Reached skill level 1 in Stealth
   270 | D:1      | Reached XP level 2. HP: 14/14 MP: 3/3
   772 | D:2      | Reached XP level 3. HP: 11/17 MP: 4/4
  1103 | D:2      | Noticed Terence
  1111 | D:2      | Killed Terence
  1163 | D:2      | Reached XP level 4. HP: 21/21 MP: 5/5
  1285 | D:2      | Found a shimmering blue altar of Sif Muna.
  1291 | D:2      | Reached ** piety under Trog
  1295 | D:2      | Noticed Robin
  1321 | D:2      | Killed Robin
  2203 | D:2      | Found an ancient bone altar of Kikubaaqudgha.
  2499 | D:3      | Reached XP level 5. HP: 24/24 MP: 6/6
  2563 | D:3      | Reached skill level 5 in Stealth
  2809 | D:3      | Reached skill level 5 in Unarmed Combat
  3331 | D:4      | Reached skill level 5 in Dodging
  3331 | D:4      | Gained mutation: You are covered in thick fur. (AC +2)
                  | [Felid growth]
  3331 | D:4      | Reached XP level 6. HP: 28/28 MP: 7/7
  3517 | D:4      | Reached skill level 6 in Dodging
  3900 | D:4      | Reached skill level 7 in Dodging
  4658 | D:4      | Reached XP level 7. HP: 31/31 MP: 8/8
  4670 | D:4      | Reached skill level 8 in Dodging
  4703 | D:5      | Entered Level 5 of the Dungeon
  4703 | D:5      | Found a burning altar of Makhleb.
  4706 | D:5      | Reached *** piety under Trog
  4947 | D:5      | Found a glowing silver altar of Zin.
  5002 | D:5      | Reached skill level 9 in Dodging
  5047 | D:5      | Found a staircase to the Ecumenical Temple.
  5434 | D:5      | Reached skill level 10 in Dodging
  5625 | D:5      | Reached skill level 1 in Evocations
  5625 | D:5      | Reached XP level 8. HP: 25/34 MP: 9/9
  5767 | D:6      | Found a glowing drain.
  6277 | Sewer    | Entered a sewer
  6428 | Sewer    | Reached **** piety under Trog
  6874 | D:6      | Noticed a two-headed ogre
  6887 | D:6      | Killed a two-headed ogre
  6998 | D:6      | Reached XP level 9. HP: 40/40 MP: 10/10
  7094 | D:6      | Found a burning altar of Makhleb.
  7095 | D:6      | Found a radiant altar of Vehumet.
  7194 | D:6      | Reached skill level 5 in Fighting
  8201 | D:7      | Reached skill level 5 in Evocations
  8260 | D:7      | Found a transporter.
  8395 | D:7      | Noticed Arcadio's ghost (novice TrAM)
  8397 | D:7      | Identified the cursed +2 great mace "Hoozur" {antimagic,
                  | Int+3}
  8398 | D:7      | Found a transporter.
  9178 | D:8      | Reached ***** piety under Trog
  9202 | D:8      | Noticed Joseph
  9225 | D:8      | Killed Joseph
  9226 | D:8      | Reached skill level 10 in Stealth
  9226 | D:8      | Reached XP level 10. HP: 26/45 MP: 11/11
  9873 | D:8      | HP: 1/45 [wolf (7)]
 10572 | D:8      | Reached skill level 10 in Unarmed Combat
 10716 | D:8      | Found a staircase to the Lair.
 10815 | D:9      | Noticed a two-headed ogre
 10826 | D:9      | Killed a two-headed ogre
 11046 | D:9      | Noticed Prince Ribbit
 11063 | D:9      | Killed Prince Ribbit
 11227 | D:9      | Found an opulent altar of Gozag.
 11334 | D:9      | Found a runed translucent door.
 11336 | D:9      | Noticed ZZKoverts's ghost (novice DECj)
 11641 | D:9      | Noticed a seven-headed hydra
 11655 | D:9      | Mangled by a seven-headed hydra
 11656 | D:9      | Reached XP level 9. HP: -11/63 MP: 10/10
 11715 | D:9      | Killed a seven-headed hydra
 11716 | D:9      | Reached skill level 11 in Dodging
 11905 | D:9      | Killed ZZKoverts's ghost
 11906 | D:9      | Reached XP level 10. HP: 47/47 MP: 11/11
 11972 | D:10     | Entered Level 10 of the Dungeon
 12550 | D:10     | Noticed a deep elf mage
 12564 | D:10     | Killed a deep elf mage
 12572 | D:10     | Found Roz Fonu's Assorted Antiques.
 12579 | D:10     | Bought a scroll labelled JURAEM MORPHA for 27 gold pieces
 12579 | D:10     | Bought a scroll labelled JURAEM MORPHA for 27 gold pieces
 12634 | D:10     | Noticed Psyche
 12637 | D:10     | Killed Psyche
 12647 | D:10     | Noticed a gargoyle
 12650 | D:10     | Killed a gargoyle
 13061 | D:11     | Found a portal to a secret trove of treasure.
 13106 | D:11     | Noticed a seven-headed hydra
 13111 | D:11     | Reached skill level 12 in Dodging
 13119 | D:11     | Slain by a seven-headed hydra
 13120 | D:11     | Reached XP level 9. HP: -2/44 MP: 10/10
 13120 | D:11     | Found a staircase to the Orcish Mines.
 13266 | D:11     | Reached XP level 10. HP: 48/48 MP: 11/11
 13277 | D:11     | Killed a seven-headed hydra
 13296 | D:11     | Slain by a troll

Illustrated notes

Levels and vault maps discovered:
D:1:      saegor_arrival_miasma, layout_basic
D:2:      layout_basic, marbit_many_paths, lemuel_doored_altar, uniq_robin,
          uniq_terence
D:3:      layout_loops_corners, dk_noncrumbling_2, dk_vineyard_3
D:4:      layout_basic
D:5:      black_bear_nest_1, layout_basic, kennysheep_mini, temple_green,
          makhleb_heckhound_becter
D:6:      layout_loops_cross, grunt_temple_overflow_lords_of_destruction,
          portal_sewer_entry_c, nrook_mini_vaults, kennysheep_generic_room_13
D:7:      layout_loops_ring, enter_bailey_3, gammafunk_ghost_smash,
          minmay_fractal_squares_5
D:8:      layout_cave_pools, erik_lair_island, uniq_joseph
D:9:      layout_basic, grunt_gozag_statues, ebering_ghost_inner_flame,
          minivault_19, roderic_lattice_a, uniq_prince_ribbit1
D:10:     layout_loops_ring, serial_shops, shop, uniq_psyche
D:11:     layout_loops_ring, david_orc_4, nicolae_trove_entry_free_sample

Skill      XL: |  1  2  3  4  5  6  7  8  9 10 |
---------------+-------------------------------+-----
Stealth        | 1 2 3 4 5 7 10 | 10.0
Unarmed Combat | 4 5 6 8 10 | 10.0
Dodging        | 5 7 10 11 12 | 12.3
Evocations     | 1 3 8 7 |  8.2
Fighting       | 4 7 8 |  8.5

Action                   |  1- 3 |  4- 6 |  7- 9 | 10-12 || total
-------------------------+-------+-------+-------+-------++-------
Melee: Unarmed           |    63 |   184 |   415 |   339 ||  1001
       Bite              |     5 |    18 |    47 |    38 ||   108
       Punch             |     1 |     4 |    12 |    11 ||    28
Invok: Berserk           |     2 |     1 |    10 |     9 ||    22
       Trog's Hand       |       |     3 |     4 |     4 ||    11
       Brothers in Arms  |       |       |     1 |       ||     1
Evoke: Wand              |       |       |       |    13 ||    13
  Use: Potion            |     2 |       |       |       ||     2
       Scroll            |       |       |       |    10 ||    10
 Stab: Sleeping          |     7 |    19 |    20 |    16 ||    62
       Distracted        |     1 |       |     1 |     2 ||     4
       Paralysed         |       |       |       |     1 ||     1
Armor: Skin              |     5 |     7 |    11 |    10 ||    33
Dodge: Dodged            |    62 |   143 |   396 |   419 ||  1020
